 Dungeon Crawl Stone Soup version 0.31-a0-152-g6aa68a64a1 (webtiles) character file.

Game seed: 9780393212924079181

177 qw the Shield-Bearer (level 5, -7/32 HPs)
             Began as a Gargoyle Fighter on June 10, 2023.
             Killed from afar by Sigmund (11 damage)
             ... with a magic dart
             ... on level 3 of the Dungeon.
             The game lasted 00:01:22 (2827 turns).

qw the Shield-Bearer (Gargoyle Fighter)             Turns: 2827, Time: 00:01:22

Health: -7/32      AC: 12    Str: 18 (21) XL:     5   Next: 57%
Magic:  5/5        EV:  6    Int:  8 (9)  God:
Gold:   83         SH: 11    Dex:  6 (9)  Spells: 4/4 levels left

rFire   . . .        Y - +0 war axe
rCold   . . .        f - +0 tower shield
rNeg    + . .        b - +0 scale mail
rPois   inf          (no helmet)
rElec   +            (no cloak)
rCorr   .            (no gloves)
SInv    .            a - +0 pair of boots
Will    .....        (no amulet) Stlth
                     (no ring)
HPRegen 0.25/turn    (no ring)
MPRegen 0.09/turn

%: no passive effects
@: no status effects
A: sickness immunity, AC +4, negative energy resistance 1, electricity
resistance, torment resistance 1, petrification resistance
a: no special abilities


You were on level 3 of the Dungeon.
You visited 1 branch of the dungeon, and saw 3 of its levels.

You collected 83 gold pieces.


Innate Abilities, Weirdness & Mutations

You are immune to sickness and miasma.
Your stone body is resilient. (AC +4)
You are immune to poison.
You resist negative energy. (rN+)
You are resistant to electric shocks. (rElec)
You are resistant to unholy torment.
You are immune to petrification.


   Skills:
 - Level 3.2 Fighting
 - Level 4.3 Axes
 - Level 3.2 Armour
 + Level 4.5 Shields


You had 4 spell levels left.
You didn't know any spells.
Your spell library was empty.

Inventory:

Hand Weapons
 c - a +0 flail
 Y - a +0 war axe (weapon)
Armour
 a - a +0 pair of boots (worn)
 b - a +0 scale mail (worn)
 f - a +0 tower shield (worn)
Scrolls
 g - 2 scrolls of identify
 i - a scroll of brand weapon {unknown}
Potions
 d - a potion of might
 e - a potion of berserk rage {unknown}
 h - 5 potions of curing

Dungeon Overview and Level Annotations

Branches:
Dungeon (3/15)

Altars:
Ashenzari

Annotations:
D:3 Sigmund


Message History

The endoplasm freezes you.
You are frozen.
The endoplasm freezes you.
You are frozen.
Sigmund barely misses you.
You slash the endoplasm!
You kill the endoplasm!
You closely miss Sigmund. Sigmund casts a spell at you.
You block the puff of flame.
You barely miss Sigmund.
Sigmund is moderately wounded.
Sigmund hits you but does no damage.
You closely miss Sigmund.
Sigmund is moderately wounded.
Sigmund gestures at you while chanting. The magic dart hits you.
You hit Sigmund.
Sigmund is moderately wounded.
Sigmund laughs darkly.
Sigmund barely misses you.
You closely miss Sigmund.
Sigmund is moderately wounded.
You block Sigmund's attack. Sigmund hits you but does no damage.
You closely miss Sigmund.
Sigmund is moderately wounded.
You block Sigmund's attack.
You hit Sigmund.
Sigmund is moderately wounded.
You block Sigmund's attack.
You slash Sigmund!
Sigmund is severely wounded.
Sigmund hits you with a +0 scythe.
You closely miss Sigmund.
Sigmund is severely wounded.
Sigmund hits you with a +0 scythe!
You barely miss Sigmund.
Sigmund is severely wounded.
Sigmund gestures at you while chanting. The magic dart hits you!
You die...

...##...# .#......# ..
#. .#.###..# #. #.
.#.#....# .... .#.#.#.##
.#. ....<#.# .. ....##.#
#. .......# #@#########
....###### #.@........
.........# ##.####....
.........# ##.........
.........# #.........
.........######.#######.
#.............#.#
#........####.#.#
#........##.....#
#........##.#.###


You could see Sigmund (strong).

Vanquished Creatures
  4 gnolls (D:3)
  6 adders
  3 worms (D:2)
  3 dart slugs (D:1)
  8 ball pythons
  4 bats
  8 endoplasms
  4 giant cockroaches
  3 hobgoblins (D:1)
  4 quokkas
  2 frilled lizards
  5 goblins
  12 kobolds
  10 rats
76 creatures vanquished.

Notes
Turn   | Place    | Note
-------+----------+-------------------------------------------
     0 | D:1      | qw the Gargoyle Fighter began the quest for the Orb.
     0 | D:1      | Reached XP level 1. HP: 14/14 MP: 1/1
     0 | D:1      | 0 ||| qw: Version: 0.2-a-29-g0080da8
     0 | D:1      | 0 ||| qw: Game counter: 3859
     0 | D:1      | 0 ||| qw: Always use a shield: true
     0 | D:1      | 0 ||| qw: God list: Okawaru
     0 | D:1      | 0 ||| qw: Allow faded altars: false
     0 | D:1      | 0 ||| qw: Do Orc after D:15 true
     0 | D:1      | 0 ||| qw: Do second Lair branch before Depths: true
     0 | D:1      | 0 ||| qw: Lair rune preference: random
     0 | D:1      | 0 ||| qw: Plans: Normal, Zot:1-4, Slime:5, God:TSO, Crypt,
                  | Tomb, Abyss, Pan, Hells, Win
     0 | D:1      | 0 ||| PLANNING D:1-11
   129 | D:1      | Reached XP level 2. HP: 19/19 MP: 2/2
   135 | D:1      | 135 ||| Stepping ~*~*~tactically~*~*~ (hiding).
   251 | D:1      | 251 ||| Stepping ~*~*~tactically~*~*~ (stealth).
   252 | D:1      | 252 ||| Stepping ~*~*~tactically~*~*~ (stealth).
   403 | D:1      | Reached skill level 3 in Axes
   457 | D:1      | Reached XP level 3. HP: 22/23 MP: 3/3
   748 | D:1      | 748 ||| Stepping ~*~*~tactically~*~*~ (hiding).
   785 | D:1      | 785 ||| FLEEEEING.
   786 | D:1      | 786 ||| FLEEEEING.
  1260 | D:1      | 1260 ||| DROPPING amulet of magic regeneration.
  1261 | D:1      | 1261 ||| READING scroll labelled CUMOMP LIETS.
  1278 | D:1      | 1278 ||| READING scroll labelled SUYPICRUKI.
  1279 | D:1      | 1279 ||| READING scroll labelled IFASYPR FELYG.
  1280 | D:1      | 1280 ||| DRINKING 2 sedimented black potions.
  1715 | D:2      | Reached XP level 4. HP: 28/28 MP: 4/4
  1825 | D:2      | 1825 ||| DROPPING +0 whip.
  2103 | D:2      | 2103 ||| Stepping ~*~*~tactically~*~*~ (stealth).
  2119 | D:2      | 2119 ||| FLEEEEING.
  2479 | D:2      | 2479 ||| UPGRADING to +0 pair of boots.
  2484 | D:2      | 2484 ||| UPGRADING to +0 tower shield.
  2494 | D:2      | 2494 ||| DROPPING +0 buckler.
  2495 | D:2      | 2495 ||| DRINKING 2 purple potions.
  2496 | D:2      | 2496 ||| DROPPING potion of degeneration.
  2516 | D:3      | Reached XP level 5. HP: 13/32 MP: 5/5
  2517 | D:3      | HP: 7/32 [gnoll/+0 halberd (5)]
  2532 | D:3      | 2532 ||| FLEEEEING.
  2533 | D:3      | 2533 ||| FLEEEEING.
  2534 | D:3      | 2534 ||| STAIRDANCE
  2623 | D:3      | 2623 ||| STAIRDANCE
  2667 | D:3      | 2667 ||| DROPPING +1 mace of protection.
  2680 | D:3      | Found a broken altar of Ashenzari.
  2812 | D:3      | Noticed Sigmund
  2813 | D:3      | 2813 ||| Stepping ~*~*~tactically~*~*~ (hiding).
  2826 | D:3      | HP: 4/32 [Sigmund/+0 scythe (14)]
  2827 | D:3      | Killed from afar by Sigmund

Levels and vault maps discovered:
D:1:      lightli_arrival_farm, layout_loops_corners, kennysheep_minor_cross,
          lexackson_kobold_supper
D:2:      minmay_razor_zed, layout_basic, minmay_misc_feat_hallway,
          minmay_distorted
D:3:      layout_basic, nicolae_overflow_hidden_temple,
          nicolae_ashenzari_skybound, uniq_sigmund

Skill      XL: |  1  2  3  4  5 |
---------------+----------------+-----
Axes           | 2 3 4 |  4.3
Shields        | 4 |  4.5
Fighting       | |  3.2
Armour         | |  3.2

Action                     |  1- 3 |  4- 6 || total
---------------------------+-------+-------++-------
  Melee: War axe           |   120 |   111 ||   231
    Use: Scroll            |     3 |       ||     3
         Potion            |     1 |     1 ||     2
 Armour: Scale mail        |    63 |    49 ||   112
  Dodge: Dodged            |    62 |    32 ||    94
  Block: Buckler           |    20 |     6 ||    26
         Tower shield      |       |    58 ||    58

Table legend:
 A = Non-vault XP
 B = Vault XP
 C = Vault XP percentage of total XP
 D = Non-vault monster count
 E = Vault monster count
 F = Vault count percentage of total count
                 A         B        C        D         E       F
            +---------+---------+-------+---------+---------+-------
      Total |     203 |      51 |  20.1 |      57 |      19 |  25.0
            +---------+---------+-------+---------+---------+-------
        D:1 |      53 |       9 |  14.5 |      29 |       8 |  21.6
        D:2 |      54 |      42 |  43.8 |      15 |      11 |  42.3
        D:3 |      96 |       0 |   0.0 |      13 |       0 |   0.0
            +---------+---------+-------+---------+---------+-------
